 Dungeon Crawl Stone Soup version 0.27.0-1-g7a089689b8 (webtiles) character file.

Game seed: 3719800724180583925

70 Econoterrorist the Cudgeller (level 4, 0/39 HPs)
             Began as a Minotaur Fighter on Aug 1, 2021.
             Succumbed to a goblin's poison
             ... on level 2 of the Dungeon.
             The game lasted 00:01:57 (1212 turns).

Econoterrorist the Cudgeller (Minotaur Fighter)     Turns: 1212, Time: 00:01:58

Health: 0/39       AC:  0    Str: 20    XL:     4   Next: 3%
Magic:  3/3        EV:  9    Int:  5    God:
Gold:   15         SH:  9    Dex: 11    Spells: 3/3 levels left

rFire    . . .     SeeInvis .   a - +0 flail
rCold    . . .     Faith    .   c - +0 kite shield
rNeg     . . .     Spirit   .   (no armour)
rPois    .         Reflect  .   (helmet restricted)
rElec    .         Harm     .   (no cloak)
rCorr    .         Rampage  .   (no gloves)
Will     .....                  (no boots)
Stlth    +.........             e - amulet of the acrobat
HPRegen  0.13/turn              (no ring)
MPRegen  0.08/turn              (no ring)

@: lethally poisoned (0 -> -1), attractive, flying
A: horns 2, retaliatory headbutt
a: no special abilities


You were on level 2 of the Dungeon.
You visited 1 branch of the dungeon, and saw 2 of its levels.

You collected 15 gold pieces.

Inventory:

Hand Weapons
 a - a +0 flail (weapon)
Armour
 b - a +0 scale mail
 c - a +0 kite shield (worn)
 l - a +1 ring mail of poison resistance
Jewellery
 e - an amulet of the acrobat (around neck)
Scrolls
 f - a scroll of magic mapping {unknown}
 g - a scroll of enchant armour {unknown}
 h - a scroll of identify {unknown}
 j - a scroll of amnesia {unknown}
Potions
 d - a potion of might
 i - a potion of attraction


   Skills:
 - Level 3.6 Fighting
 + Level 5.3 Maces & Flails
 - Level 3.6 Armour
 - Level 3.6 Shields


You had 3 spell levels left.
You didn't know any spells.
Your spell library was empty.

Dungeon Overview and Level Annotations

Branches:
Dungeon (2/15)

Altars:


Innate Abilities, Weirdness & Mutations

You have a pair of horns on your head.
You reflexively headbutt those who attack you in melee.


Message History

You feel very sick. The goblin hits you but does no damage.
You are more poisoned.
You hit the goblin but do no damage. Your headbutt misses the goblin.
You feel extremely sick.
The goblin hits you with a +1 dagger of venom.
You are lethally poisoned!
You closely miss the goblin. You headbutt the goblin.
You kill the goblin!
You feel very sick.
You feel very sick.
You see here a +1 dagger of venom.
It was a potion of attraction.
You feel attractive to monsters.
* * * LOW HITPOINT WARNING * * *
You feel very sick.
It was a potion of flight.
You feel very buoyant.
You fly up into the air.
* * * LOW HITPOINT WARNING * * *
You feel sick.
Keep disrobing?
* * * LOW HITPOINT WARNING * * *
You feel sick.
You start removing your armour.
You continue taking off your +0 scale mail.
* * * LOW HITPOINT WARNING * * *
You feel sick.
You continue taking off your +0 scale mail.
* * * LOW HITPOINT WARNING * * *
You feel sick.
You continue taking off your +0 scale mail.
* * * LOW HITPOINT WARNING * * *
You feel sick.
You continue taking off your +0 scale mail.
* * * LOW HITPOINT WARNING * * *
You feel sick.
You finish taking off your +0 scale mail.
Keep equipping yourself?
You die...

#....#
#.#.##
######.#.#
#.<..†...#
######.###
#.......#
#.#######
#######.####
#......@.<.#
#........#.#
#........#
..
#........#
.#
#......... #
#########.#
.# ..


There were no monsters in sight!

Vanquished Creatures
  A jelly (D:2)
  A worm (D:2)
  A dart slug (D:1)
  A bat (D:1)
  An endoplasm (D:1)
  4 goblins
  4 hobgoblins (D:1)
  7 jackals (D:1)
  2 quokkas (D:1)
  4 ball pythons
  3 frilled lizards (D:1)
  A kobold (D:1)
30 creatures vanquished.

Vanquished Creatures (others)
  A fungus (D:1)
  A plant (D:1)
2 creatures vanquished.

Grand Total: 32 creatures vanquished

Notes
Turn   | Place    | Note
-------+----------+-------------------------------------------
     0 | D:1      | Econoterrorist the Minotaur Fighter began the quest for the
                  | Orb.
     0 | D:1      | Reached XP level 1. HP: 19/19 MP: 0/0
   114 | D:1      | Reached skill level 3 in Maces & Flails
   257 | D:1      | Reached XP level 2. HP: 26/26 MP: 1/1
   324 | D:1      | Found a faded altar of an unknown god.
   418 | D:1      | Reached skill level 4 in Maces & Flails
   476 | D:1      | Reached XP level 3. HP: 15/31 MP: 2/2
  1148 | D:2      | Reached skill level 5 in Maces & Flails
  1201 | D:2      | Reached XP level 4. HP: 37/39 MP: 3/3
  1211 | D:2      | HP: 1/39 [poisoned by a goblin]
  1212 | D:2      | Succumbed to a goblin's poison

Illustrated notes

Levels and vault maps discovered:
D:1:      dpeg_arrival_shrine, layout_basic, dreamdust_ecumenical_altar_grove,
          minmay_strange_pillars
D:2:      layout_basic

Skill      XL: |  1  2  3 |
---------------+----------+-----
Maces & Flails | 3 4 5 |  5.3
Fighting       | |  3.6
Armour         | |  3.6
Shields        | |  3.6

Action                   |  1- 3 |  4- 6 || total
-------------------------+-------+-------++-------
Melee: Flail             |    62 |     3 ||    65
       Headbutt          |    11 |     1 ||    12
  Use: Potion            |       |     2 ||     2
Armor: Scale mail        |    51 |     1 ||    52
Dodge: Dodged            |    27 |       ||    27
Block: Kite shield       |    42 |       ||    42
